 Dungeon Crawl Stone Soup version 0.31-a0-851-g7ff8af7976 (webtiles) character file.

Game seed: 13963803680711716046

74 avis the Ducker (level 4, 20/21 HPs)
             Began as a Felid Fighter on Oct 8, 2023.
             Got out of the dungeon alive.
             The game lasted 00:04:39 (951 turns).

avis the Ducker (Felid Fighter)                      Turns: 951, Time: 00:04:39

Health: 20/21      AC:  1    Str: 12    XL:     4   Next: 9%
Magic:  5/5        EV: 20    Int:  9    God:
Gold:   28         SH:  0    Dex: 17    Spells: 3/3 levels left
                                        Lives:  1   Deaths: 1

rFire   . .          .
                       - Unarmed
rCold   . . .        (shield unavailable)
rNeg    . . .        (body armour unavailable)
rPois   .            (helmet unavailable)
rElec   .            (cloak unavailable)
rCorr   .            (gloves unavailable)
SInv    +            (boots unavailable)
Will    .....        (no amulet)
Stlth   ++           (no ring)
HPRegen 0.23/turn    (no ring)
MPRegen 0.09/turn

%: no passive effects
@: quick
A: very small, claws 1, fangs 3, see invisible, speed 1, shaggy fur 1, stealthy
paws, no weapons or thrown items, no armour, multi-lived
a: no special abilities


You escaped.
You visited 1 branch of the dungeon, and saw 2 of its levels.

You collected 28 gold pieces.

Inventory:

Scrolls
 b - a scroll of immolation {unknown}
 f - 2 scrolls of identify {unknown}
 g - a scroll of amnesia {unknown}
Potions
 a - a potion of might
 c - a potion of heal wounds {unknown}
 d - a potion of curing {unknown}
 e - a potion of invisibility {unknown}


   Skills:
 - Level 3.0 Fighting
 - Level 6.0 Dodging
 * Level 2.8 Stealth
 - Level 4.0 Unarmed Combat


You had 3 spell levels left.
You didn't know any spells.
Your spell library was empty.

Dungeon Overview and Level Annotations

Branches:
Dungeon (2/15)

Altars:

Annotations:
D:2 Terence


Innate Abilities, Weirdness & Mutations

You have sharp claws.
You have razor-sharp teeth.
You have supernaturally acute eyesight. (SInv)
You cover ground quickly. (Speed+)
You are covered in fur. (AC +1)
Your paws help you pounce on unaware monsters.
You are incapable of wielding weapons or throwing items.
You cannot wear armour.
You gain extra lives every three experience levels.


Message History

The jackal attacks as it pursues you! The jackal misses you.
The jackal attacks as it pursues you! The jackal closely misses you.
There is an open door here.
The jackal attacks as it pursues you! The jackal barely misses you.
The jackal closely misses you. The jackal attacks as it pursues you!
The jackal completely misses you. The jackal attacks as it pursues you!
The jackal closely misses you. The jackal attacks as it pursues you!
The jackal bites you. The jackal closely misses you.
There is an open door here.
The jackal attacks as it pursues you! The jackal completely misses you.
The jackal attacks as it pursues you! The jackal completely misses you.
The jackal misses you. The jackal attacks as it pursues you!
The jackal closely misses you. The jackal attacks as it pursues you!
The jackal closely misses you. The jackal attacks as it pursues you!
The jackal bites you.
There is an open door here.
The jackal attacks as it pursues you! The jackal completely misses you.
The jackal attacks as it pursues you! The jackal misses you.
The jackal attacks as it pursues you! The jackal bites you.
The jackal attacks as it pursues you! The jackal barely misses you.
The jackal closely misses you.
There is an open door here.
The jackal attacks as it pursues you! The jackal bites you.
The jackal attacks as it pursues you! The jackal closely misses you.
There is an open door here.
The jackal attacks as it pursues you! The jackal closely misses you.
There is an open door here.
The jackal attacks as it pursues you! The jackal closely misses you.
The jackal attacks as it pursues you! The jackal closely misses you.
There is an open door here.
The jackal attacks as it pursues you! The jackal closely misses you.
The jackal attacks as it pursues you! The jackal barely misses you.
The jackal misses you.
There is an open door here.
The jackal attacks as it pursues you! The jackal closely misses you.
There is an open door here.
There is a staircase leading out of the dungeon here.
The jackal closely misses you.
You have escaped!

#.........'.....##.##.#
#.........#.....##.#..#
#.........#......#.#.##
#...##############.#h#
#...#.....'......#.#.#####
#...#.....#......#........
#...#.....#......#...####.
#...#..h######...#..## ##
#...#...#@hh.#...#..#
#'###'#####..#...#..#
#...#.h..###'###'#..#
#...#....#...#...#..#
#...#....#h..#...#..#
#...#....'...#...#..#
#...##########...#..#
#........#.......####
#....)...#.......#


You could see 2 jackals.

Vanquished Creatures
  Jessica (D:2)
  Natasha (D:2)
  A dart slug (D:1)
  2 ball pythons (D:1)
  An endoplasm (D:1)
  2 goblins (D:1)
  2 hobgoblins (D:1)
  3 kobolds (D:1)
  A quokka (D:1)
  3 bats (D:1)
  2 frilled lizards (D:1)
  3 rats
22 creatures vanquished.

Notes
Turn   | Place    | Note
-------+----------+-------------------------------------------
     0 | D:1      | avis the Felid Fighter began the quest for the Orb.
     0 | D:1      | Reached XP level 1. HP: 10/10 MP: 2/2
   214 | D:1      | Reached XP level 2. HP: 14/14 MP: 3/3
   240 | D:1      | Reached skill level 5 in Dodging
   667 | D:2      | Noticed Natasha
   676 | D:2      | Killed Natasha
   677 | D:2      | Reached skill level 6 in Dodging
   677 | D:2      | Reached skill level 1 in Stealth
   677 | D:2      | Reached XP level 3. HP: 5/17 MP: 4/4
   792 | D:2      | Noticed Jessica
   797 | D:2      | Noticed Terence
   802 | D:2      | Killed Jessica
   803 | D:2      | Reached XP level 4. HP: 10/21 MP: 5/5
   804 | D:2      | Slain by Terence
   951 | D:$      | Got out of the dungeon alive.

Illustrated notes

Levels and vault maps discovered:
D:1:      minmay_arrival_widening_spiral_wide, layout_rooms
D:2:      layout_loops_corners, uniq_natasha, uniq_terence, uniq_jessica

Skill      XL: |  1  2  3 |
---------------+----------+-----
Dodging        | 6 |  6.0
Stealth        | 1 2 |  2.8
Fighting       | |  3.0
Unarmed Combat | |  4.0

Action                     |  1- 3 |  4- 6 || total
---------------------------+-------+-------++-------
  Melee: Unarmed           |    49 |     1 ||    50
         Bite              |     3 |       ||     3
 Armour: Skin              |    10 |    17 ||    27
  Dodge: Dodged            |    39 |    61 ||   100

Table legend: (Time is in decaauts)
 A = Elapsed time spent in this place.
 B = Non-inter-level travel time spent in this place.
 C = Inter-level travel time spent in this place.
 D = Time resting spent in this place.
 E = Time spent auto-exploring this place.
 F = Levels seen in this place.
 G = Mean time per level.
                   A        B        C        D        E       F      G
               +--------+--------+--------+--------+--------+-----+--------+
         Total |    788 |    695 |     93 |     57 |    317 |   2 |  394.0 |
       Dungeon |    788 |    695 |     93 |     57 |    317 |   2 |  394.0 |
               +--------+--------+--------+--------+--------+-----+--------+

Top non-repeatable levels by time:
     D:1: 664 daAuts
     D:2: 124 daAuts
